 Dungeon Crawl Stone Soup version 0.28.0-53-g5a82cb258f (webtiles) character file.

Game seed: 4570142031478669545

16138 Gabide the Sharpshooter (level 12, -2/80 HPs)
             Began as a Barachi Hunter on May 22, 2022.
             Was a High Priest of Nemelex Xobeh.
             Slain by a skeletal warrior
             ... wielding a +0 hand axe
             ... led by a skeletal warrior
              (21 damage)
             ... on level 12 of the Dungeon.
             The game lasted 01:01:46 (16192 turns).

Gabide the Sharpshooter (Barachi Hunter)           Turns: 16192, Time: 01:01:46

Health: -2/80      AC: 10    Str: 13    XL:     12   Next: 34%
Magic:  12/12      EV: 18    Int: 13    God:    Nemelex Xobeh [*****.]
Gold:   1082       SH:  0    Dex: 20    Spells: 11/11 levels left

rFire   . . .      SeeInvis .   b - +7 whip (freeze)
rCold   . . .      Faith    .   (no shield)
rNeg    + . .      Spirit   .   k - +1 ring mail of the Leaf {rElec Will+ Dex+5}
rPois   +          Reflect  .   (no helmet)
rElec   +          Harm     .   (no cloak)
rCorr   .          Rampage  .   s - +0 pair of gloves
Will    ++++.      Clarity  +   u - +1 pair of boots
Stlth   +.........              o - amulet of the Four Winds {rN+ Will+++ Clar}
HPRegen 0.23/turn               f - +4 ring of evasion
MPRegen 0.13/turn               A - ring of poison resistance

@: unable to hop, unable to read, slow
A: amphibious, slowness 1, strong legs 1, +LOS, clumsy 1, inability to read
while threatened
a: Hop, Renounce Religion, Draw Escape, Draw Destruction, Draw Summoning, Triple
Draw, Deal Four, Stack Five


You were on level 12 of the Dungeon.
You worshipped Nemelex Xobeh.
Nemelex Xobeh was extremely pleased with you.
You visited 1 branch of the dungeon, and saw 12 of its levels.
You also visited: Ossuary.

You collected 1082 gold pieces.

Inventory:

Hand Weapons
 a - a +4 vorpal arbalest
 b - a +7 whip of freezing (weapon)
 c - a +1 hand crossbow
 M - a +4 quick blade
Armour
 k - the +1 ring mail of the Leaf (worn) {rElec Will+ Dex+5}
   (You found it on level 11 of the Dungeon)

   Dex:       It affects your dexterity (+5).
   rElec:     It insulates you from electricity.
   Will:      It increases your willpower.
 s - a +0 pair of gloves (worn)
 u - a +1 pair of boots (worn)
 v - a +0 leather armour of cold resistance
 E - a +0 ring mail of fire resistance
Jewellery
 f - a +4 ring of evasion (left hand)
 o - the amulet of the Four Winds (around neck) {rN+ Will+++ Clar}
   (You found it on level 6 of the Dungeon)

   [amulet of nothing]

   rN:        It protects you from negative energy.
   Clar:      It protects you against confusion.
   Will:      It greatly increases your willpower.
 y - a ring of protection from cold
 A - a ring of poison resistance (right hand)
 C - a ring of fire
 D - a ring of protection from fire
Wands
 F - a wand of iceblast (21)
Scrolls
 h - 3 scrolls of noise
 i - 2 scrolls of blinking
 l - 2 scrolls of fog
 m - 6 scrolls of teleportation
 r - a scroll of vulnerability
 B - 2 scrolls of amnesia
Potions
 e - a potion of mutation
 g - a potion of invisibility {unknown}
 j - 2 potions of brilliance
 n - 6 potions of curing
 p - 2 potions of flight {unknown}
 t - 2 potions of resistance
 w - 2 potions of berserk rage
 x - 4 potions of haste {unknown}
 z - a potion of lignification {unknown}
 G - a potion of attraction {unknown}


   Skills:
 - Level 2.4 Fighting
 - Level 7.2 Maces & Flails
 + Level 17.3 Crossbows
 - Level 6.0 Armour
 - Level 6.0 Dodging
 - Level 0.8 Stealth


You had 11 spell levels left.
You didn't know any spells.
Your spell library contained the following spells:

 Spells                   Type           Power      Damage    Failure   Level
 Beastly Appendage        Tmut           0%         N/A       52%         1
 Magic Dart               Conj           0%         1d3       52%         1
 Call Imp                 Summ           0%         N/A       67%         2
 Ensorcelled Hibernation  Hex/Ice        0%         N/A       67%         2
 Passwall                 Tmut/Erth      0%         N/A       67%         2
 Wereblood                Tmut           0%         N/A       67%         2
 Confusing Touch          Hex            0%         N/A       88%         3
 Mephitic Cloud           Conj/Pois/Air  0%         N/A       88%         3
 Spider Form              Tmut/Pois      0%         N/A       88%         3
 Swiftness                Air            0%         N/A       88%         3
 Fulminant Prism          Conj/Hex       0%         3d6       99%         4
 Iskenderun's Mystic Bla  Conj/Tloc      0%         2d3       99%         4
 Lee's Rapid Deconstruct  Erth           0%         3d5*      100%        5
 Yara's Violent Unravell  Hex/Tmut       0%         3d3       100%        5
 Enfeeble                 Hex            0%         N/A       100%        7
 Malign Gateway           Summ/Tloc      0%         N/A       100%        7
 Summon Horrible Things   Summ           0%         N/A       100%        8


Dungeon Overview and Level Annotations

Branches:
Dungeon (12/15)            Temple (0/1) D:4            Lair (0/6) D:9
    Orc (0/2) D:12        Ossuary (visited)

Altars:
Fedhas
Gozag
Nemelex Xobeh
Beogh

Shops:
D:4 *   D:6 :

Annotations:
D:6 3 runed translucent doors, MrIGI's ghost, novice DECj
D:8 3 runed translucent doors, maxonian's ghost, novice FeTm


Innate Abilities, Weirdness & Mutations

You are amphibious.
You cover ground slowly.
You can hop short distances.
You have an extended range of vision and can be seen from far away.
You are clumsy. (Dex -2)
You sometimes lose the ability to read scrolls when taking damage.


Message History

You whack the skeletal warrior! You freeze the skeletal warrior.
The skeletal warrior is severely damaged.
The skeletal warrior barely misses you.
You hit the skeletal warrior but do no damage.
The skeletal warrior is severely damaged.
Your +1 trident "Xydonuem" {venom, Fly Will+ Dex+6} hits the skeletal warrior but does no damage.
You hit the skeletal warrior but do no damage.
The skeletal warrior is severely damaged.
The skeletal warrior hits you with a +0 hand axe!!
You feel threatened and lose the ability to read scrolls!
Your +1 trident "Xydonuem" {venom, Fly Will+ Dex+6} hits the skeletal warrior from afar!
You barely miss the skeletal warrior.
The skeletal warrior is almost destroyed.
The skeletal warrior hits you but does no damage.
You hit the skeletal warrior but do no damage.
The skeletal warrior is almost destroyed.
Your +1 trident "Xydonuem" {venom, Fly Will+ Dex+6} hits the skeletal warrior from afar!
You hit the skeletal warrior but do no damage.
The skeletal warrior is almost destroyed.
The skeletal warrior hits you with a +0 hand axe!
* * * LOW HITPOINT WARNING * * *
You hit the skeletal warrior but do no damage.
The skeletal warrior is almost destroyed.
Your +1 trident "Xydonuem" {venom, Fly Will+ Dex+6} hits the skeletal warrior but does no damage.
The skeletal warrior closely misses you.
Things that are here:
a +0 flail; a +0 hand axe; a +0 leather armour
Things that are here:
a +0 war axe; a +0 chain mail; an orc corpse The skeletal warrior hits you with a +0 hand axe.
* * * LOW HITPOINT WARNING * * *
Your legs are too worn out to hop.
You draw a card...
You have drawn Exile.
Your +1 trident "Xydonuem" {venom, Fly Will+ Dex+6} is devoured by a tear in reality.
The skeletal warrior hits you with a +0 hand axe.
* * * LOW HITPOINT WARNING * * *
You draw a card...
You have drawn the Tomb.
Walls emerge from the floor!
The skeletal warrior hits you with a +0 hand axe!!
You die...
Your body glows slightly and disappears.

#......°...............8#...#....
#......*................'.>.#....
....^............)....#8#...#....
......................##########+
.##'######'######§.)#.##.........
#.........§....##..........
#.........§)####.....).....
.#........#z#.##.....).)....
.'........#@###....)........
........####........))....
#...##..###..............
######...##..#.....###'#......
............#.....'...#......
.........)..#.....#...#......
...>........'.....#...#......
..###......#.....#...#......
#########......#.....#...#......


You could see a skeletal warrior.

Vanquished Creatures
  3 two-headed ogres
  A skeletal warrior (D:12)
  Pikel (D:6)
  A shining eye (D:12)
  2 cyclopes (D:11)
  A manticore (D:11)
  A slime creature (D:12)
  A guardian serpent (shapeshifter) (D:11)
  Maggie (D:10)
  An unseen horror (D:11)
  A rime drake (D:11)
  A freezing wraith (D:12)
  Psyche (D:8)
  A komodo dragon (D:11)
  A queen bee (D:11)
  A polar bear (D:12)
  6 trolls
  Sigmund (D:6)
  A shadow (D:11)
  4 yaks
  A wyvern (D:9)
  A wraith (D:10)
  A human (shapeshifter) (D:11)
  A steam dragon (D:10)
  An acid dragon (D:12)
  A water moccasin (D:4)
  A hornet zombie (D:7)
  3 orc warriors
  An ice beast (D:6)
  A sky beast (D:5)
  2 necrophages
  4 ogres
  2 phantoms
  8 centaurs
  2 lemures (D:6)
  A kobold brigand (D:10)
  2 bullfrogs
  2 gnoll sergeants
  A scorpion (D:6)
  A water moccasin skeleton (D:7)
  9 wights
  2 electric eels (D:9)
  4 howler monkeys
  2 centaur zombies
  A bullfrog zombie (D:6)
  6 hounds
  2 jellies
  2 gnoll shamans (D:8)
  3 orc priests
  A centaur skeleton (D:7)
  An iguana (D:6)
  6 orc wizards
  8 mummies (Ossuary)
  2 howler monkey zombies
  17 gnolls
  10 adders
  A white imp (D:5)
  An ufetubus (D:6)
  An adder skeleton (D:4)
  5 worms
  2 dart slugs
  34 orcs
  11 ball pythons
  6 bats
  4 endoplasms
  7 giant cockroaches
  A gnoll zombie (Ossuary)
  3 goblins
  3 hobgoblins (D:3)
  A jackal (D:3)
  9 quokkas
  3 frilled lizards
  2 hobgoblin zombies (Ossuary)
  17 kobolds
  A kobold zombie (Ossuary)
  4 orc zombies (Ossuary)
  5 rats
265 creatures vanquished.

Vanquished Creatures (collateral kills)
  A skeletal warrior (D:12)
  A wraith (D:12)
  2 yaks (D:4)
  3 centaurs (D:12)
  A bullfrog (D:7)
  A wight (D:7)
  An orc priest (D:4)
  A hound (D:9)
  6 orcs
17 creatures vanquished.

Grand Total: 282 creatures vanquished

Notes
Turn   | Place    | Note
-------+----------+-------------------------------------------
     0 | D:1      | Gabide the Barachi Hunter began the quest for the Orb.
     0 | D:1      | Reached XP level 1. HP: 17/17 MP: 1/1
   274 | D:1      | Reached XP level 2. HP: 23/23 MP: 2/2
  1243 | D:2      | Reached skill level 5 in Crossbows
  1243 | D:2      | Reached XP level 3. HP: 28/28 MP: 3/3
  1330 | D:2      | Reached XP level 4. HP: 32/34 MP: 4/4
  2426 | D:3      | Found a faded altar of an unknown god.
  2429 | D:3      | Prayed at the altar of an unknown god.
  2429 | D:3      | Became a worshipper of Nemelex Xobeh the Trickster
  2429 | D:3      | Reached * piety under Nemelex Xobeh
  2429 | D:3      | Received a gift from Nemelex Xobeh
  2622 | D:3      | Noticed an ogre
  2629 | D:3      | Killed an ogre
  2630 | D:3      | Reached skill level 6 in Crossbows
  2630 | D:3      | Reached XP level 5. HP: 39/39 MP: 5/5
  3352 | D:3      | Reached ** piety under Nemelex Xobeh
  3469 | D:3      | Received a gift from Nemelex Xobeh
  3561 | D:4      | Found an opulent altar of Gozag.
  3561 | D:4      | Found Gozag's Platinum Reserve.
  3595 | D:4      | Reached skill level 7 in Crossbows
  3613 | D:4      | Reached XP level 6. HP: 46/46 MP: 6/6
  4237 | D:4      | Found a staircase to the Ecumenical Temple.
  4437 | D:5      | Entered Level 5 of the Dungeon
  4462 | D:5      | Reached skill level 8 in Crossbows
  4462 | D:5      | Reached XP level 7. HP: 34/51 MP: 7/7
  5306 | D:5      | Noticed a yak
  5306 | D:5      | Noticed a yak
  5306 | D:5      | Noticed a yak
  5306 | D:5      | Noticed a yak
  5325 | D:4      | Killed a yak
  5326 | D:4      | Reached skill level 9 in Crossbows
  5443 | D:4      | Killed a yak
  5444 | D:4      | Reached XP level 8. HP: 15/57 MP: 8/8
  5449 | D:4      | Killed a yak
  5450 | D:4      | Reached skill level 10 in Crossbows
  5660 | D:4      | Identified a scroll of acquirement
  5660 | D:4      | Acquired a +2 vorpal arbalest
  5674 | D:5      | Noticed a yak
  5678 | D:4      | Killed a yak
  5796 | D:5      | Noticed a yak
  5802 | D:4      | Killed a yak
  5942 | D:5      | Killed a yak
  6155 | D:5      | Reached XP level 9. HP: 62/62 MP: 9/9
  6230 | D:5      | Found a blossoming altar of Fedhas.
  6269 | D:5      | Reached skill level 5 in Dodging
  6416 | D:6      | Found a runed translucent gate.
  6431 | D:6      | Reached skill level 11 in Crossbows
  6581 | D:6      | Found a runed translucent gate.
  6674 | D:6      | Found the amulet of the Four Winds {rN+ Will+++ Clar}
  6706 | D:6      | Found a sand-covered staircase.
  6716 | Ossuary  | Entered an ossuary
  6996 | D:6      | Found a runed translucent gate.
  6998 | D:6      | Noticed MrIGI's ghost (novice DECj)
  7102 | D:6      | Noticed Pikel
  7128 | D:6      | Killed Pikel
  7129 | D:6      | Reached skill level 12 in Crossbows
  7376 | D:6      | Received a gift from Nemelex Xobeh
  7464 | D:6      | Reached *** piety under Nemelex Xobeh
  7467 | D:6      | Found Igamijeh's Book Shoppe.
  7573 | D:6      | Noticed Sigmund
  7578 | D:6      | Killed Sigmund
  7802 | D:7      | Reached XP level 10. HP: 46/68 MP: 10/10
  7929 | D:7      | Reached skill level 13 in Crossbows
  8615 | D:8      | Found a runed translucent gate.
  8615 | D:8      | Found a runed translucent gate.
  8616 | D:8      | Found a runed translucent gate.
  8617 | D:8      | Noticed maxonian's ghost (novice FeTm)
  8640 | D:8      | Noticed Psyche
  8645 | D:8      | Killed Psyche
  9272 | D:8      | Reached skill level 14 in Crossbows
  9590 | D:8      | Received a gift from Nemelex Xobeh
 10243 | D:9      | Reached **** piety under Nemelex Xobeh
 10266 | D:9      | Found a staircase to the Lair.
 11955 | D:9      | Received a gift from Nemelex Xobeh
 12143 | D:10     | Entered Level 10 of the Dungeon
 12432 | D:10     | Noticed Maggie
 12441 | D:10     | Killed Maggie
 12713 | D:10     | Reached skill level 5 in Maces & Flails
 12771 | D:10     | Received a gift from Nemelex Xobeh
 12955 | D:10     | Reached XP level 11. HP: 47/73 MP: 11/11
 13821 | D:11     | Noticed a two-headed ogre
 13825 | D:11     | Killed a two-headed ogre
 13878 | D:11     | Received a gift from Nemelex Xobeh
 13976 | D:11     | Noticed a cyclops
 13981 | D:11     | Noticed a manticore
 13987 | D:11     | Reached skill level 15 in Crossbows
 13991 | D:11     | Killed a manticore
 13993 | D:11     | Killed a cyclops
 14519 | D:11     | Noticed a two-headed ogre
 14523 | D:11     | Killed a two-headed ogre
 14534 | D:11     | Reached skill level 16 in Crossbows
 14850 | D:11     | Noticed a cyclops
 14854 | D:11     | Killed a cyclops
 14917 | D:11     | Identified the +1 ring mail of the Leaf {rElec Will+ Dex+5}
 15065 | D:12     | Reached skill level 1 in Armour
 15304 | D:12     | Received a gift from Nemelex Xobeh
 15475 | D:12     | Received a gift from Nemelex Xobeh
 15475 | D:12     | Reached ***** piety under Nemelex Xobeh
 15488 | D:12     | Noticed a two-headed ogre
 15492 | D:12     | Killed a two-headed ogre
 15493 | D:12     | Reached XP level 12. HP: 59/80 MP: 12/12
 15671 | D:12     | Gained mutation: You are clumsy. (Dex -2) [a shining eye]
 15672 | D:12     | Gained mutation: You sometimes lose the ability to read
                  | scrolls when taking damage. [a shining eye]
 15675 | D:12     | Reached skill level 5 in Armour
 15742 | D:12     | Reached skill level 17 in Crossbows
 16130 | D:12     | Found a staircase to the Orcish Mines.
 16173 | D:12     | Identified the +1 trident "Xydonuem" {venom, Fly Will+
                  | Dex+6}
 16192 | D:12     | Slain by a skeletal warrior

Illustrated notes

Levels and vault maps discovered:
D:1:      dpeg_arrival_round_a, layout_basic
D:2:      layout_loops_corners
D:3:      minmay_chambers_of_threes, layout_basic, nicolae_ecumenical_pavilion
D:4:      layout_loops_ring, nicolae_gozag_zags_fifth_avenue,
          minmay_temple_entry_statues_pillars, minmay_misc_feat_ornament
D:5:      layout_gridville, mainiacjoe_overflow_alcove_2, st_stairs_8,
          guppyfry_early_lair_pool
D:6:      layout_loops_cross, gammafunk_ghost_nasty_kobolds,
          gup_sewer_entry_pipe, serial_shops, nicolae_shop_advertising_works
          [nicolae_subvault_shop_adworks], enter_ossuary_2, uniq_pikel,
          uniq_sigmund
D:7:      layout_rooms
D:8:      layout_basic, biasface_ghost_orc_armoury, enter_bailey_1, uniq_psyche
D:9:      layout_long_grid, erik_lair_island, serial_rivers,
          chequers_serial_rivers_large_a, chequers_serial_rivers_micro_a,
          chequers_serial_rivers_room_b, chequers_serial_rivers_small_3
D:10:     nicolae_cairo_tiling_very_big, layout_basic, uniq_maggie
D:11:     minmay_bloctagon_deflated, layout_basic
D:12:     layout_gridville, hiddenorc1_lemuel

Skill      XL: |  1  2  3  4  5  6  7  8  9 10 11 12 |
---------------+-------------------------------------+-----
Crossbows      | 5 6 7 8 9 10 12 14 16 17 | 17.3
Maces & Flails | 3 5 7 |  7.2
Dodging        | 4 6 |  6.0
Armour         | 4 6 |  6.0
Fighting       | |  2.4
Stealth        | |  0.8

Action                   |  1- 3 |  4- 6 |  7- 9 | 10-12 || total
-------------------------+-------+-------+-------+-------++-------
Melee: Dagger            |    36 |    34 |       |       ||    70
       Short sword       |     8 |   117 |       |       ||   125
       Whip              |       |    18 |    47 |   253 ||   318
       Quick blade       |       |       |       |    25 ||    25
       Punch             |       |       |       |     4 ||     4
 Fire: Hand crossbow     |    32 |    53 |    27 |       ||   112
       Arbalest          |       |       |   143 |   151 ||   294
Throw: Throwing net      |       |       |       |     1 ||     1
Invok: Draw Destruction  |       |     5 |     1 |    39 ||    45
       Draw Summoning    |       |     1 |     1 |     8 ||    10
       Draw Escape       |       |       |     1 |    10 ||    11
 Abil: Hop               |     2 |     7 |    10 |    11 ||    30
Evoke: Wand              |       |       |       |     2 ||     2
  Use: Scroll            |       |     6 |     7 |    10 ||    23
       Potion            |       |       |     3 |     4 ||     7
 Stab: Held in net/web   |       |       |       |     1 ||     1
Armor: Leather armour    |    20 |     4 |    19 |    30 ||    73
       Ring mail         |       |    50 |       |    17 ||    67
Dodge: Dodged            |    55 |   142 |   100 |   316 ||   613
